Map: Odyssey LE

Players

Bestbrother - Winner!

  • Race: Terran Terran
  • League: Diamond
  • Spawn Location: 11:00

Dessa

  • Race: Zerg Zerg
  • League: Diamond
  • Spawn Location: 5:00

VOD

Have the link to the VOD?

Description

Time

  • Played on: Jan. 14, 2018, 8:36 a.m.
  • Length: 11:57
Show
View Real Time Build Order
Export as new Build Order

Bestbrother Terran - Winner!

Build Orders: Liberator Opening, Reaper Expand, Bio Tank 

Get SALT Encoding   

  12  0:01  SCV  
  13  0:13  SCV  
  14  0:17  Supply Depot  
  14  0:25  SCV  
  15  0:38  SCV  
  15  0:39  Barracks  
  16  0:48  Refinery  
  16  0:50  SCV  
  17  1:02  SCV  
  18  1:15  SCV  
  19  1:27  Orbital Command  
  19  1:31  Reaper  
  20  1:42  Command Center  
  20  1:52  SCV  
  21  2:04  SCV  
  22  2:09  Supply Depot  
  22  2:13  Factory  
  23  2:18  SCV  
  23  2:27  Barracks Reactor  
  23  2:31  SCV  
  24  2:43  SCV  
  25  2:44  Refinery  
  25  2:55  Orbital Command  
  25  2:56  SCV  
  26  3:08  SCV  
  27  3:17  Starport  
  27  3:21  SCV  
  27  3:22  SCV  
  27  3:25  Hellion x2  
  33  3:33  SCV, Command Center  
  34  3:34  SCV  
  34  3:38  Liberator  
  35  3:42  Supply Depot  
  35  3:45  SCV  
  35  3:47  Supply Depot, Barracks Tech Lab  
  40  3:48  Hellion x2  
  40  3:50  SCV  
  43  4:04  SCV  
  44  4:14  Supply Depot, Marine, Stimpack  
  44  4:16  SCV  
  46  4:17  SCV  
  47  4:26  Refinery, Engineering Bay  
  47  4:28  SCV  
  47  4:29  Refinery, SCV  
  49  4:33  Hellion x2  
  53  4:43  SCV  
  53  4:44  SCV  
  55  4:51  Starport Tech Lab  
  55  4:55  SCV  
  55  4:56  SCV, Terran Infantry Weapons Level 1  
  57  5:02  Barracks  
  57  5:03  Barracks  
  56  5:07  SCV  
  56  5:09  SCV, Orbital Command  
  56  5:11  Engineering Bay  
  58  5:19  SCV  
  58  5:21  SCV  
  60  5:31  SCV  
  60  5:33  SCV  
  62  5:37  SCV  
  62  5:39  Orbital Command  
  61  5:43  SCV  
  61  5:45  SCV  
  61  5:49  Terran Infantry Armor Level 1  
  59  5:50  Barracks Reactor  
  59  5:51  Barracks Reactor  
  59  5:55  SCV  
  60  5:57  SCV  
  61  6:06  Siege Tank  
  61  6:08  SCV  
  61  6:09  Barracks  
  61  6:10  Supply Depot  
  61  6:11  SCV, Barracks  
  66  6:12  SCV  
  67  6:20  SCV  
  67  6:23  SCV  
  67  6:24  Armory  
  67  6:25  Supply Depot  
  69  6:27  Supply Depot  
  69  6:32  SCV  
  70  6:35  SCV x2  
  70  6:36  Marine x2  
  70  6:37  Marine x2, Combat Shields  
  70  6:38  Medivac x2  
  70  6:39  Siege Tank  
  83  6:40  Marine  
  83  6:44  SCV  
  83  6:45  Supply Depot  
  85  6:47  SCV  
  85  6:48  Orbital Command  
  86  6:56  SCV  
  86  6:58  Marine x4  
  86  6:59  SCV  
  87  7:02  Marine  
  87  7:04  Barracks Reactor x2  
  87  7:05  Factory  
  87  7:07  Factory  
  87  7:10  Medivac  
  87  7:11  SCV, Medivac  
  87  7:12  SCV, Siege Tank  
  96  7:16  Marine  
  96  7:22  SCV  
  98  7:23  SCV  
  98  7:24  SCV, Marine x2  
  98  7:25  Marine x2  
  104  7:34  SCV, Supply Depot, Marine  
  104  7:35  SCV, Supply Depot  
  104  7:36  SCV  
  108  7:38  Terran Infantry Weapons Level 2  
  108  7:41  Marine  
  108  7:42  Marine  
  110  7:45  Siege Tank, Marine x4  
  117  7:52  Supply Depot  
  117  7:53  Supply Depot  
  117  7:55  Marine x3  
  117  7:56  SCV x2  
  117  7:57  Supply Depot x2  
  122  7:59  Supply Depot  
  122  8:00  Factory Tech Lab, Marine x2  
  122  8:01  Factory Tech Lab  
  122  8:03  Marine  
  125  8:07  Medivac  
  127  8:17  Siege Tank  
  130  8:22  Siege Tank x2, Marine x6  
  130  8:23  Marine x2  
  144  8:32  SCV x3  
  137  8:35  Marine  
  137  8:38  Command Center  
  137  8:40  Marine x3  
  141  8:42  Refinery, Barracks  
  141  8:43  Refinery, Barracks  
  141  8:44  SCV x3, Supply Depot  
  141  8:46  Supply Depot  
  144  8:54  Siege Tank x2, Marine x6  
  156  8:57  Marine  
  156  8:58  Marine x2  
  156  8:59  Medivac  
  158  9:16  Marine x5  
  158  9:17  Marine x3, Siege Tank  
  169  9:24  Barracks  
  169  9:26  Barracks, Siege Tank  
  172  9:32  Terran Infantry Armor Level 2  
  172  9:33  Supply Depot  
  172  9:34  Supply Depot x2, Siege Tank  
  172  9:35  Marine x5  
  180  9:43  Marine  
  180  9:44  Marine x4  
  185  9:49  Siege Tank  
  146  10:03  Siege Tank, Marine x4  
  146  10:04  Marine x5  
  146  10:06  Siege Tank  
  156  10:17  Barracks Tech Lab  
  156  10:20  Medivac  
  158  10:21  Siege Tank  
  158  10:24  Orbital Command  
  161  10:29  Marine x2  
  161  10:30  Marine x6  
  161  10:31  Marine x2  
  161  10:35  Siege Tank  
  166  10:47  Marine x3  
  166  10:48  Marine x5  
  164  10:56  Marine x3  
  159  10:58  Siege Tank x2  
  165  11:05  Marine x5  
  165  11:06  Marine x3  
  165  11:07  Siege Tank  
  169  11:14  Marine x2, Marauder  
  169  11:16  Orbital Command  
  173  11:26  Marine x5  
  173  11:27  Marine x3  
  173  11:32  Marine, Marauder  
  184  11:38  Refinery  
Show
View Real Time Build Order
Export as new Build Order

Dessa Zerg 

Build Orders: Hatch First 

Get SALT Encoding   

  12  0:02  Drone  
  13  0:13  Overlord  
  13  0:18  Drone  
  14  0:32  Drone x2  
  14  0:35  Drone  
  17  0:54  Hatchery  
  16  0:57  Drone  
  16  1:02  Drone  
  18  1:07  Extractor  
  17  1:17  Spawning Pool  
  16  1:19  Drone  
  16  1:22  Drone  
  18  1:30  Overlord  
  18  1:48  Drone  
  19  2:03  Queen  
  19  2:06  Queen  
  19  2:07  Zergling x4  
  25  2:08  Metabolic Boost  
  25  2:12  Drone  
  26  2:16  Drone  
  26  2:18  Drone  
  28  2:31  Drone  
  28  2:36  Extractor  
  28  2:40  Queen  
  31  2:48  Queen  
  31  2:50  Overlord  
  33  3:08  Drone x2  
  33  3:09  Drone  
  33  3:10  Drone  
  33  3:12  Overlord  
  37  3:16  Drone  
  38  3:21  Zergling x4  
  38  3:23  Drone  
  38  3:24  Drone  
  38  3:25  Baneling Nest  
  38  3:26  Drone  
  42  3:45  Extractor  
  41  3:51  Drone x2  
  41  3:52  Overlord  
  41  3:53  Drone  
  41  3:54  Drone x2  
  46  4:10  Drone x2  
  46  4:16  Drone  
  49  4:17  Drone x2  
  49  4:18  Drone x2  
  49  4:19  Drone  
  49  4:21  Overlord  
  49  4:22  Extractor  
  53  4:25  Hatchery  
  53  4:28  Extractor, Evolution Chamber  
  50  4:47  Drone x2  
  50  4:48  Overlord  
  50  4:53  Zergling x10  
  50  4:54  Zergling x2  
  56  5:05  Queen x2  
  60  5:19  Spore Crawler  
  42  5:51  Zergling x12  
  42  5:55  Drone x2  
  42  5:56  Drone x2  
  52  6:12  Baneling x2  
  52  6:13  Baneling x3  
  52  6:17  Lair  
  52  6:19  Drone  
  52  6:20  Drone x3  
  52  6:21  Drone x4  
  52  6:22  Drone x2, Overlord  
  62  6:42  Drone x2  
  62  6:43  Drone x2, Evolution Chamber  
  62  6:45  Zerg Ground Armor Level 1  
  65  6:48  Zergling x10  
  65  6:49  Zergling x4  
  65  6:51  Baneling  
  65  6:52  Baneling x4  
  70  7:06  Pneumatized Carapace  
  70  7:14  Drone x3  
  74  7:15  Drone x2  
  74  7:16  Drone x4  
  74  7:17  Drone x2  
  81  7:23  Drone  
  81  7:24  Drone, Hydralisk Den  
  81  7:25  Extractor  
  81  7:26  Drone x2  
  81  7:27  Drone, Overlord  
  84  7:45  Hatchery  
  84  7:47  Drone  
  84  7:50  Drone x2  
  84  7:51  Drone x3  
  89  7:52  Drone x3, Extractor, Overlord  
  89  7:53  Zergling x2  
  89  7:54  Zergling x6  
  89  7:56  Zerg Missile Weapons Level 1  
  89  7:58  Muscular Augments  
  95  8:11  Zergling x2, Hydralisk x3  
  95  8:12  Zergling x2  
  102  8:20  Spore Crawler  
  102  8:23  Spore Crawler  
  95  8:40  Baneling x2  
  95  8:41  Baneling x4  
  95  8:42  Overlord x3  
  95  8:47  Queen  
  97  8:56  Queen  
  97  9:01  Hydralisk x3  
  97  9:02  Hydralisk x8  
  111  9:03  Hydralisk  
  123  9:15  Baneling x2  
  123  9:16  Baneling x9  
  123  9:17  Zergling x8  
  123  9:22  Overlord x2  
  127  9:29  Centrifical Hooks  
  127  9:45  Zergling x12  
  132  9:46  Zergling x4  
  132  9:47  Overlord  
  114  10:01  Zergling x2  
  114  10:02  Zergling x26  
  124  10:10  Baneling x2  
  124  10:11  Baneling  
  123  10:14  Hydralisk x2  
  123  10:19  Hydralisk  
  123  10:20  Zergling x4, Hydralisk  
  133  10:24  Baneling  
  133  10:25  Baneling x8  
  133  10:26  Baneling x2  
  129  10:48  Zergling x8  
  129  10:49  Zergling x14  
  128  10:55  Zergling x6  
  128  10:56  Zergling x12  
  132  11:03  Overlord x2  
  133  11:04  Zergling x6  
  134  11:14  Zergling x4  
  134  11:15  Zergling x4  
  134  11:16  Baneling x8  
  134  11:17  Baneling x2  
  138  11:21  Drone x2, Infestation Pit  
  138  11:22  Drone  
  140  11:26  Baneling x7  
  140  11:27  Baneling x7  
  140  11:28  Baneling  
Tags
 
Add a new tag
Caveats
  • Supply blocks, unpowered buildings, or Contaminate may cause inaccurate times.
  • Supply counts are checked every 10 seconds.